 Dungeon Crawl Stone Soup version 0.30-a0-738-g116ff8c4af (webtiles) character file.

Game seed: 7217467951586785350

58 voltaire321 the Sneak (level 4, -6/25 HPs)
             Began as a Kobold Enchanter on Feb 4, 2023.
             Mangled by Grinder (8 damage)
             ... on level 3 of the Dungeon.
             The game lasted 00:04:07 (2016 turns).

voltaire321 the Sneak (Kobold Enchanter)            Turns: 2016, Time: 00:04:07

Health: -6/25      AC:  3    Str:  7    XL:     4   Next: 21%
Magic:  7/7        EV: 15    Int: 16    God:
Gold:   191        SH:  0    Dex: 15    Spells: 6/8 levels left

rFire   . . .      SeeInvis .    n - +7 sling "Cuuhyici" {heavy, rElec rC- rN+++ rCorr}
rCold   x . .      Faith    .    (no shield)
rNeg    + + +      Spirit   .    b - +0 robe
rPois   .          Reflect  .    (no helmet)
rElec   +          Harm     .    (no cloak)
rCorr   +          Rampage  .    f - +0 pair of gloves
Will    .....                    (no boots)
Stlth   ++++                     (no amulet)
HPRegen 0.24/turn                (no ring)
MPRegen 0.10/turn                (no ring)

@: no status effects
A: small, no large weapons, nightstalker 3
a: no special abilities


You were on level 3 of the Dungeon.
You visited 1 branch of the dungeon, and saw 3 of its levels.

You collected 191 gold pieces.

Inventory:

Hand Weapons
 a - a +1 dagger
 n - the +7 sling "Cuuhyici" (weapon) {heavy, rElec rC- rN+++ rCorr}
   (You found it on level 2 of the Dungeon)

   rC:        It makes you vulnerable to cold.
   rElec:     It insulates you from electricity.
   rN:        It renders you almost immune to negative energy.
   rCorr:     It protects you from acid and corrosion.
Missiles
 m - 3 poisoned darts
Armour
 b - a +0 robe (worn)
 f - a +0 pair of gloves (worn)
Wands
 p - a wand of charming (7)
Scrolls
 e - 3 scrolls of teleportation {unknown}
 g - 3 scrolls of summoning {unknown}
 i - 3 scrolls of identify {unknown}
Potions
 c - 2 potions of invisibility
 d - 2 potions of curing {unknown}
 h - a potion of cancellation {unknown}
 j - a potion of resistance {unknown}
 k - 2 potions of ambrosia {unknown}
 l - a potion of degeneration {unknown}
 o - a potion of attraction {unknown}
 q - a potion of heal wounds {unknown}


   Skills:
 + Level 1.3 Fighting
 - Level 2.0 Short Blades
 + Level 0.3 Ranged Weapons
 + Level 3.0 Dodging
 + Level 4.5 Stealth
 + Level 2.5 Spellcasting
 + Level 3.3 Hexes
 + Level 0.3 Ice Magic


You had 6 spell levels left.
You knew the following spells:

 Your Spells              Type           Power      Damage    Failure   Level
a - Ensorcelled Hibernat  Hex/Ice        14%        N/A       14%         2

Your spell library contained the following spells:

 Spells                   Type           Power      Damage    Failure   Level
 Slow                     Hex            48%        N/A       4%          1
 Confusing Touch          Hex            12%        N/A       16%         3
 Tukima's Dance           Hex            12%        N/A       16%         3
 Scorch                   Fire           4%         2d5       30%         2
 Dazzling Flash           Conj/Hex       14%        N/A       30%         3
 Portal Projectile        Hex/Tloc       14%        N/A       30%         3
 Vampiric Draining        Necr           2%         2d6       52%         3
 Flame Wave               Conj/Fire      2%         2d4       89%         4
 Blade Hands              Tmut           1%         N/A       99%         5
 Summon Cactus Giant      Summ           1%         N/A       100%        6


Dungeon Overview and Level Annotations

Branches:
Dungeon (3/15)

Altars:

Annotations:
D:3 Grinder


Innate Abilities, Weirdness & Mutations

You are small and have problems with some larger weapons.
You are completely attuned to the shadows.


Message History

Found a stone staircase leading down.
A rat comes into view.
There is a stone staircase leading up here.
Fire: n) +7 sling "Cuuhyici" {heavy, rElec rC- rN+++ rCorr}
Press: ? - help, Q - select action, (/) - cycle Shift-Dir - straight line, f - rat
Aim: a rat (64% to hit)
You shoot a sling bullet. The sling bullet hits the rat!
You kill the rat!
You hear a shout!
Grinder comes into view.
Fire: n) +7 sling "Cuuhyici" {heavy, rElec rC- rN+++ rCorr}
Press: ? - help, Q - select action, (/) - cycle Shift-Dir - straight line, f - Grinder
Aim: Grinder (61% to hit)
You shoot a sling bullet. The sling bullet barely misses Grinder.
Fire: n) +7 sling "Cuuhyici" {heavy, rElec rC- rN+++ rCorr}
Press: ? - help, Q - select action, (/) - cycle Shift-Dir - straight line, f/p - Grinder
Aim: Grinder (61% to hit)
You shoot a sling bullet. The sling bullet hits Grinder.
Grinder is lightly wounded.
Grinder gestures at you.
You suddenly lose the ability to move!
Grinder hits you! Grinder hits you! Grinder hits you.
* * * LOW HITPOINT WARNING * * *
You can move again.
Fire: n) +7 sling "Cuuhyici" {heavy, rElec rC- rN+++ rCorr}
Press: ? - help, Q - select action, (/) - cycle Shift-Dir - straight line, f/p - Grinder
Aim: Grinder (lightly wounded, 61% to hit)
You shoot a sling bullet. The sling bullet hits Grinder.
Grinder is lightly wounded.
Grinder hits you.
* * * LOW HITPOINT WARNING * * *
Grinder blinks!
Fire: n) +7 sling "Cuuhyici" {heavy, rElec rC- rN+++ rCorr}
Press: ? - help, Q - select action, (/) - cycle Shift-Dir - straight line, f/p - Grinder
Aim: Grinder (lightly wounded, 61% to hit)
You shoot a sling bullet.
The sling bullet closely misses Grinder.
Grinder misses you. Grinder hits you!
You die...

.....).......
+........
.###.###....#
#........
#.###.#.##
##.......
#.##..#.#
##.....#
#.##.##.#
##...##
#.##.##.#
##'##
#.##.##># #.#
#...5...# #.#
####@####
##.## #.#
##.).## #.#
#.....# #.#
##...## ...
##.##
.###.###
........
####.### #.#


You could see Grinder.

Vanquished Creatures
  An adder (D:2)
  3 dart slugs (D:1)
  An orc (D:2)
  3 ball pythons (D:1)
  4 endoplasms (D:1)
  2 goblins
  3 hobgoblins
  2 jackals (D:1)
  3 quokkas (D:2)
  6 bats
  5 frilled lizards
  2 kobolds
  10 rats
45 creatures vanquished.

Notes
Turn   | Place    | Note
-------+----------+-------------------------------------------
     0 | D:1      | voltaire321 the Kobold Enchanter began the quest for the
                  | Orb.
     0 | D:1      | Reached XP level 1. HP: 10/10 MP: 3/3
   129 | D:1      | Reached XP level 2. HP: 15/15 MP: 5/5
   375 | D:1      | Reached XP level 3. HP: 20/20 MP: 6/6
   715 | D:1      | Reached skill level 1 in Fighting
   832 | D:2      | Found a faded altar of an unknown god.
  1092 | D:2      | Learned a level 2 spell: Ensorcelled Hibernation
  1306 | D:2      | Identified the +7 sling "Cuuhyici" {heavy, rElec rC- rN+++
                  | rCorr}
  1480 | D:2      | You fall into a shaft and drop 1 floor!
  1617 | D:2      | Reached XP level 4. HP: 25/25 MP: 7/7
  2010 | D:3      | Noticed Grinder
  2012 | D:3      | Paralysed by Grinder for 4 turns
  2016 | D:3      | Mangled by Grinder

Illustrated notes

Levels and vault maps discovered:
D:1:      sevenhm_arrival_forest_fort_large_1, layout_basic
D:2:      layout_loops_corners, shapermc_ecumenical_altar_venn
D:3:      layout_loops_corners, amcnicky_mini_corridor_feature,
          minmay_close_crescents, uniq_grinder

Skill      XL: |  1  2  3 |
---------------+----------+-----
Fighting       | 1 |  1.3
Short Blades   | 2 |  2.0
Dodging        | 3 |  3.0
Ranged Weapons | |  0.3
Stealth        | |  4.5
Spellcasting   | |  2.5
Hexes          | |  3.3
Ice Magic      | |  0.3

Action                     |  1- 3 |  4- 6 || total
---------------------------+-------+-------++-------
  Melee: Dagger            |    76 |       ||    76
   Fire: Sling             |     7 |    12 ||    19
   Stab: Sleeping          |    20 |       ||    20
         Distracted        |     1 |       ||     1
 Armour: Robe              |    14 |     1 ||    15
  Dodge: Dodged            |    57 |     3 ||    60

Table legend: (Time is in decaauts)
 A = Elapsed time spent in this place.
 B = Non-inter-level travel time spent in this place.
 C = Inter-level travel time spent in this place.
 D = Time resting spent in this place.
 E = Time spent auto-exploring this place.
 F = Levels seen in this place.
 G = Mean time per level.
                   A        B        C        D        E       F      G
               +--------+--------+--------+--------+--------+-----+--------+
         Total |   2033 |   1947 |     86 |      0 |   1590 |   3 |  677.7 |
       Dungeon |   2033 |   1947 |     86 |      0 |   1590 |   3 |  677.7 |
               +--------+--------+--------+--------+--------+-----+--------+

Top non-repeatable levels by time:
     D:2: 980 daAuts
     D:1: 818 daAuts
     D:3: 234 daAuts
